Map: Ruby Rock LE

Players

SCIInewby - Winner!

  • Race: Protoss Protoss
  • League: Master
  • Spawn Location: 11:00

Oursguerrier

  • Race: Protoss Protoss
  • League: Master
  • Spawn Location: 5:00

VOD

Have the link to the VOD?

Description

Time

  • Played on: Feb. 10, 2026, 2:20 p.m.
  • Length: 8:08
Show
View Real Time Build Order
Export as new Build Order

SCIInewby Protoss - Winner!

Build Orders: 1 Gate Expand 

Get SALT Encoding   

  12  0:01  Probe  
  13  0:14  Probe  
  14  0:21  Pylon  
  14  0:27  Probe  
  15  0:41  Gateway  
  15  0:43  Probe  
  16  0:56  Probe  
  17  1:15  Nexus  
  17  1:39  Forge  
  17  1:40  Probe  
  17  1:45  Assimilator  
  18  1:48  Probe  
  19  1:56  Cybernetics Core  
  19  1:58  Probe  
  19  2:00  Zealot  
  20  2:02  Assimilator  
  22  2:18  Assimilator  
  22  2:22  Probe  
  22  2:24  Probe  
  24  2:30  Probe  
  24  2:32  Probe  
  26  2:39  Probe  
  26  2:40  Probe  
  27  2:51  Probe  
  29  2:53  Probe, Photon Cannon  
  29  2:56  Pylon  
  30  2:59  Zealot  
  30  3:02  Warp Gate  
  32  3:22  Probe  
  32  3:23  Twilight Council  
  32  3:26  Probe  
  34  3:30  Probe  
  34  3:31  Assimilator  
  34  3:38  Probe, Charge  
  34  3:41  Pylon  
  36  3:43  Pylon  
  36  3:50  Probe  
  37  3:59  Pylon  
  37  4:09  Gateway  
  37  4:10  Gateway  
  37  4:13  Gateway, Probe  
  37  4:15  Gateway, Probe  
  39  4:23  Zealot  
  39  4:38  Photon Cannon  
  39  4:40  Pylon  
  37  4:56  Probe x2  
  39  5:02  Zealot  
  41  5:08  Probe x2  
  41  5:09  Stalker x2  
  41  5:10  Stalker  
  49  5:19  Zealot  
  49  5:20  Probe  
  52  5:25  Pylon  
  52  5:27  Pylon  
  52  5:30  Pylon  
  52  5:32  Pylon  
  52  5:37  Probe  
  52  5:38  Probe  
  52  5:41  Zealot x2  
  52  5:42  Zealot  
  58  5:44  Zealot  
  59  5:50  Probe x2  
  59  5:52  Photon Cannon  
  60  5:58  Photon Cannon  
  60  6:08  Pylon  
  60  6:11  Pylon  
  60  6:18  Pylon  
  60  6:24  Stalker x4  
  64  6:27  Zealot  
  62  6:35  Probe, Photon Cannon  
  62  6:36  Probe  
  64  6:40  Pylon  
  64  6:45  Photon Cannon  
  62  6:47  Probe  
  62  6:50  Zealot  
  62  6:51  Zealot  
  63  6:55  Zealot  
  57  7:02  Pylon  
  57  7:03  Zealot  
  57  7:04  Zealot x3  
  57  7:05  Zealot  
  67  7:11  Photon Cannon  
  63  7:24  Zealot x3  
  63  7:25  Zealot  
  63  7:26  Zealot  
  71  7:45  Zealot x3  
  71  7:46  Zealot  
  75  7:56  Pylon  
  73  8:04  Photon Cannon, Zealot  
Show
View Real Time Build Order
Export as new Build Order

Oursguerrier Protoss 

Build Orders:  

Get SALT Encoding   

  1  0:00  Probe  
  13  0:16  Pylon  
  13  0:23  Pylon  
  13  0:26  Probe  
  14  0:38  Probe  
  15  1:12  Probe  
  16  1:18  Assimilator  
  16  1:20  Probe  
  16  1:30  Probe  
  17  1:41  Pylon  
  17  1:42  Probe  
  18  1:49  Gateway  
  18  1:52  Gateway  
  18  1:55  Gateway  
  18  1:59  Forge  
  18  2:09  Gateway  
  18  2:10  Pylon  
  18  2:14  Probe  
  19  2:23  Probe  
  19  2:24  Assimilator  
  19  2:28  Assimilator  
  20  2:32  Probe  
  20  2:35  Pylon  
  21  2:40  Zealot  
  23  2:50  Cybernetics Core  
  23  3:04  Probe  
  24  3:12  Zealot  
  26  3:17  Probe  
  27  3:22  Zealot  
  27  3:24  Stalker  
  31  3:29  Probe  
  32  3:37  Twilight Council  
  32  3:41  Probe  
  33  3:49  Stalker  
  33  3:53  Probe  
  36  4:15  Charge  
  36  4:16  Stalker  
  36  4:27  Nexus  
  36  4:36  Stalker  
  36  4:45  Stalker  
  36  4:54  Sentry  
  36  4:57  Assimilator  
  36  4:58  Probe  
  38  5:06  Probe  
  39  5:09  Stalker  
  39  5:14  Stalker  
  42  5:18  Probe  
  44  5:26  Probe  
  45  5:30  Sentry  
  45  5:35  Probe  
  48  5:36  Stalker  
  51  5:43  Stalker  
  51  5:47  Probe  
  53  5:55  Probe  
  49  6:10  Stalker x3  
  46  6:18  Probe  
  47  6:30  Probe  
  46  6:37  Stalker  
  46  6:42  Gateway  
  46  6:46  Stalker  
  48  6:51  Probe  
  47  7:00  Probe  
  46  7:04  Stalker  
  46  7:08  Probe  
  46  7:13  Stalker  
  44  7:17  Probe  
  44  7:19  Probe, Gateway  
  48  7:29  Probe  
  48  7:31  Probe, Stalker  
  50  7:41  Probe  
  43  7:54  Probe  
Tags
 
Matchup
PvP
Replay Pack
Multiplayer
Spawn Locations
Cross Positions
Add a new tag
Caveats
  • Supply blocks, unpowered buildings, or Contaminate may cause inaccurate times.
  • Supply counts are checked every 10 seconds.